 Dungeon Crawl Stone Soup version 0.30-a0-54-g2e61a25929 (webtiles) character file.

Game seed: 2579075334433981035

1412 spaghetti the Ruffian (level 8, 0/67 HPs)
             Began as a Gnoll Chaos Knight on Sept 6, 2022.
             Was a Plaything of Xom.
             Succumbed to an orc warrior's curare-tipped dart
             ... on level 6 of the Dungeon on Sept 7, 2022.
             The game lasted 00:08:53 (4165 turns).

spaghetti the Ruffian (Gnoll Chaos Knight)          Turns: 4165, Time: 00:08:55

Health: 0/67       AC: 16    Str: 18 (20) XL:     8   Next: 70%
Magic:  7/10       EV: 12    Int: 10 (12) God:    Xom [.*....]
Gold:   178        SH:  0    Dex: 16 (18) Spells: 7/14 levels left

rFire   + . .      SeeInvis .    t - +7 dagger "Bajaptep" {holy, Dex+7, short}
rCold   . . .      Faith    .    (no shield)
rNeg    . . .      Spirit   .    l - +2 scale mail {rF+}
rPois   .          Reflect  .    j - +2 hat
rElec   .          Harm     .    y - +0 cloak
rCorr   .          Rampage  .    (no gloves)
Will    .....                    p - +0 pair of boots
Stlth   ++........               (no amulet)
HPRegen 0.21/turn                m - +6 ring of strength
MPRegen 0.12/turn                i - ring of wizardry

@: lethally poisoned (0 -> -3), flying, slowed, very slow
A: fangs 1, strong nose, distributed training, iridescent scales 1, low MP 2,
screaming 1, MP-powered wands, sturdy frame 1
a: Renounce Religion


You were on level 6 of the Dungeon.
You worshipped Xom.
You were a plaything of Xom.
You visited 1 branch of the dungeon, and saw 5 of its levels.
You also visited: Sewer.

You collected 178 gold pieces.


Innate Abilities, Weirdness & Mutations

You have very sharp teeth.
Your uncanny sense of smell can sniff out nearby items.
Your experience applies equally to all skills.
You are partially covered in iridescent scales. (AC +2)
Your magical capacity is very low. (-20% MP)
You occasionally shout uncontrollably at your foes.
You expend magic power (3 MP) to strengthen your wands.
Your movements are slightly less encumbered by armour. (ER -2)


   Skills:
 + Level 7.5 Fighting
 + Level 3.6 Short Blades
 + Level 3.6 Long Blades
 + Level 3.6 Axes
 + Level 3.6 Maces & Flails
 + Level 3.6 Polearms
 + Level 3.6 Staves
 + Level 3.6 Ranged Weapons
 + Level 3.6 Throwing
 + Level 5.9 Armour
 + Level 4.5 Dodging
 + Level 3.6 Stealth
 + Level 3.6 Shields
 + Level 7.5 Unarmed Combat
 + Level 3.6 Spellcasting
 + Level 3.0 Conjurations
 + Level 3.0 Hexes
 + Level 3.0 Summonings
 + Level 3.0 Necromancy
 + Level 3.0 Translocations
 + Level 3.0 Transmutations
 + Level 3.0 Fire Magic
 + Level 3.0 Ice Magic
 + Level 3.0 Air Magic
 + Level 3.0 Earth Magic
 + Level 3.0 Poison Magic
 + Level 4.0 Invocations
 + Level 3.6 Evocations


You had 7 spell levels left.
You knew the following spells:

 Your Spells              Type           Power      Damage    Failure   Level
a - Magic Dart            Conj           28%        1d4       6%          1
b - Searing Ray           Conj           14%        2d5       9%          2
c - Fulminant Prism       Conj/Hex       3%         3d6       47%         4

Your spell library contained the following spells:

 Spells                   Type           Power      Damage    Failure   Level
 Cause Fear               Hex            3%         N/A       47%         4
 Dragon Form              Tmut           3%         N/A       100%        7
 Dragon's Call            Summ           3%         N/A       100%        9

Inventory:

Hand Weapons
 t - the +7 dagger "Bajaptep" (weapon) {holy, Dex+7, short}
   (You found it on level 5 of the Dungeon)

   It has been blessed by the Shining One to cause great damage to the undead
   and demons.
   Dex:       It affects your dexterity (+7).
 v - a +3 rapier of venom {short}
   (You took it off Eustachio on level 5 of the Dungeon)
Missiles
 c - 2 boomerangs {throwing}
 e - 29 stones {throwing}
 q - 2 silver boomerangs {throwing}
 x - 6 datura-tipped darts {throwing}
Armour
 a - a +2 leather armour
 j - a +2 hat (worn)
   (You found it on level 2 of the Dungeon)
 l - a +2 scale mail of fire resistance (worn)
   (You found it in a sewer)
 p - a +0 pair of boots (worn)
   (You found it on level 6 of the Dungeon)
 y - a +0 cloak (worn)
   (You took it off Crazy Yiuf on level 5 of the Dungeon)
Jewellery
 i - a ring of wizardry (right hand)
   (You acquired it on level 6 of the Dungeon)
 k - a ring of fire
   (You found it on level 2 of the Dungeon)
 m - a +6 ring of strength (left hand)
   (You found it on level 2 of the Dungeon)
 r - a ring of flight
   (You found it on level 6 of the Dungeon)
 w - a ring of protection from fire
   (You found it on level 5 of the Dungeon)
Wands
 s - a wand of iceblast (10)
   (You found it on level 5 of the Dungeon)
Scrolls
 d - a scroll of magic mapping {!r}
 f - a scroll of teleportation {@r4}
 h - a scroll of fog
 n - a scroll of brand weapon {unknown}
 o - a scroll of silence {unknown}
 u - a scroll of immolation {unknown}
 B - a scroll of enchant weapon {unknown}
 C - a scroll of noise {unknown}
 D - a scroll of enchant armour {unknown}
Potions
 g - a potion of flight
Miscellaneous
 b - a piece from Xom's chessboard (15/15)

Dungeon Overview and Level Annotations

Branches:
Dungeon (6/15) Zot: 25477   Sewer (visited)
 Temple: D:4-7

Altars:
Kikubaaqudgha
Makhleb
Ru
Sif Muna

####.##### .##.#
#........# #.##.##
#.##.###.# ##..o..b.
#.#..#
#...##.#######....###.
....o..................
#...##.######.....###..
###..# #.# #..#.## ...
#...####@# #..######.
... ##.#.oo..b#
#......... #'#
#....###### #.########
#.# #.##.## #.# ##.# #.
#.# #)# ##.##. #.# #)#
#.)..#####.# #.#
...........# ##.##
........##.#### ##...##
###


You could see an orc warrior and an orc priest (ally target).


Message History

The orc attacks as you move away! The orc barely misses you.
Casting: Searing Ray (safe; 9% risk of failure)
Confirm with . or Enter, or press ? or * to list all spells.
Aiming: Searing Ray (safe; 9% risk of failure)
Press: ? - help, Shift-Dir - straight line, f - orc
Aim: an orc, wielding a +0 flail, wearing a +0 ring mail, quivering boomerangs and carrying a wand of digging (5) (81% to hit)
The searing ray hits the orc.
The searing ray misses the orc. (Press . to maintain the ray.)
The orc hits you but does no damage. 😕 HP[+1] MP[-2]
You lost 2 mp, and now have 11/13 mp.
The searing ray hits the orc.
The searing ray hits the orc!
You kill the orc!
The orc hits you but does no damage. 😕 MP[-1]
You lost 1 mp, and now have 10/13 mp.
Casting: Searing Ray (safe; 9% risk of failure)
Confirm with . or Enter, or press ? or * to list all spells.
Restarting spell: Searing Ray (safe; 9% risk of failure)
Press: ? - help, Shift-Dir - straight line, f/p - orc
Aim: an orc, wielding a +0 flail, wearing a +0 ring mail, quivering boomerangs and carrying a wand of digging (5) (moderately wounded, 81% to hit)
Okay, then.
The searing ray hits the orc.
You kill the orc! 😕 MP[-1]
You lost 1 mp, and now have 9/13 mp.
Casting: Searing Ray (safe; 9% risk of failure)
Confirm with . or Enter, or press ? or * to list all spells.
Restarting spell: Searing Ray (safe; 9% risk of failure)
Press: ? - help, Shift-Dir - straight line, f - orc warrior
Aim: an orc warrior, wielding a +0 glaive, wearing a +0 chain mail, quivering curare-tipped darts and carrying a wand of mindburst (2) (75% to hit)
The searing ray hits the orc warrior. (Press . to maintain the ray.) 😕 MP[-2]
You lost 2 mp, and now have 7/13 mp.
The searing ray hits the orc warrior but does no damage.
The orc warrior throws a curare-tipped dart.
The curare-tipped dart hits you.
You are poisoned.
You have difficulty breathing.
You feel yourself slow down. 😮 HP[-10] MP[-1]
You take 10 damage, and now have 45/60 hp.
You lost 1 mp, and now have 6/13 mp.
Unknown command.
Unknown command.
Unknown command.
It was a potion of mutation.
You feel extremely strange.
You feel robust.
You regain control of your magic.
You feel stupid.
You feel less energetic. x2
Iridescent scales grow over part of your body.
Xom thinks this is hilarious!
You feel very sick.
The orc priest mumbles some strange prayers to Beogh against you.
Beogh smites you!
* * * LOW HITPOINT WARNING * * *
A shower of butterflies erupts from you!
The orc warrior hits you from afar with a +0 glaive!
* * * LOW HITPOINT WARNING * * *
The orc warrior barely misses you. 😱 HP[-31]
You now have 67 max hp (+7).
You take 31 damage, and now have 14/67 hp.
MASSIVE DAMAGE!! (PAUSE) Unknown command.
You swap places.
You feel very sick.
The orc warrior hits your butterfly with a +0 glaive!
Your butterfly dies!
Your butterfly degenerates into a cloud of primal chaos! 😱 HP[-3] MP[+1]
You take 3 damage, and now have 11/67 hp.
It was a potion of degeneration.
There was something very wrong with that liquid.
You feel weakened.
You feel dopey.
You feel clumsy.
Xom roars with laughter!
You feel very sick.
The orc warrior hits your butterfly with a +0 glaive!
Your butterfly dies!
Your butterfly disappears in a puff of smoke!
The orc warrior zaps a wand.
Your mind is blasted!
* * * LOW HITPOINT WARNING * * *
😱 HP[-9]
You take 9 damage, and now have 2/67 hp.
It was a potion of flight.
You feel very buoyant.
You fly up into the air.
* * * LOW HITPOINT WARNING * * *
You feel sick.
You are lethally poisoned (2 -> -2).
You are flying.
You are slowed.
Your flying speed is very slow.
Your attack delay is about 1.2.
Your base attributes are Str 14, Int 12, Dex 11.
Unknown command.
Unknown command.
Unknown command.
Okay, then.
You die...
Xom titters!

Skill      XL: |  1  2  3  4  5  6  7  8 |
---------------+-------------------------+-----
Invocations    | 1 2 3 4 |  4.0
Short Blades   | 1 2 3 |  3.6
Long Blades    | 1 2 3 |  3.6
Axes           | 1 2 3 |  3.6
Maces & Flails | 1 2 3 |  3.6
Polearms       | 1 2 3 |  3.6
Staves         | 1 2 3 |  3.6
Ranged Weapons | 1 2 3 |  3.6
Throwing       | 1 2 3 |  3.6
Stealth        | 1 2 3 |  3.6
Shields        | 1 2 3 |  3.6
Spellcasting   | 1 2 3 |  3.6
Evocations     | 1 2 3 |  3.6
Conjurations   | 1 2 3 |  3.0
Hexes          | 1 2 3 |  3.0
Summonings     | 1 2 3 |  3.0
Necromancy     | 1 2 3 |  3.0
Translocations | 1 2 3 |  3.0
Transmutations | 1 2 3 |  3.0
Fire Magic     | 1 2 3 |  3.0
Ice Magic      | 1 2 3 |  3.0
Air Magic      | 1 2 3 |  3.0
Earth Magic    | 1 2 3 |  3.0
Poison Magic   | 1 2 3 |  3.0
Dodging        | 3 4 |  4.5
Armour         | 5 |  5.9
Fighting       | 7 |  7.5
Unarmed Combat | 7 |  7.5

Action                   |  1- 3 |  4- 6 |  7- 9 || total
-------------------------+-------+-------+-------++-------
Melee: Unarmed           |    88 |   154 |     8 ||   250
       Bite              |     8 |    11 |    15 ||    34
       Punch             |     4 |     5 |     6 ||    15
       Dagger            |       |       |   103 ||   103
 Cast: Searing Ray       |       |       |     4 ||     4
Evoke: Piece from Xom's  |       |     2 |     1 ||     3
  Use: Potion            |       |     1 |     3 ||     4
       Scroll            |       |     3 |     3 ||     6
 Stab: Sleeping          |     1 |     1 |     2 ||     4
       Petrified         |       |     6 |       ||     6
       Distracted        |       |       |     1 ||     1
Armor: Leather armour    |    28 |    39 |       ||    67
       Scale mail        |       |    56 |    36 ||    92
Dodge: Dodged            |    53 |   117 |    65 ||   235

Levels and vault maps discovered:
D:1:      lightli_arrival_flooded_house, layout_loops_corners,
          basic_ecumenical_altar, chequers_garden
D:2:      minmay_angry_zag, layout_basic, basic_altar, wad_floor_pattern_1
D:3:      layout_loops_ring, serial_glass, glass_columns_b, glass_columns_c,
          portal_sewer_entry_f
D:5:      layout_loops_ring, uniq_grinder, uniq_crazy_yiuf_cottage,
          uniq_eustachio
D:6:      layout_loops_corners, mainiacjoe_overflow_six_doors_small,
          chequers_temple_overflow_statue_of_worship, minivault_10,
          kennysheep_generic_room_5, uniq_blork_the_orc

Notes
Turn   | Place    | Note
-------+----------+-------------------------------------------
     0 | D:1      | spaghetti the Gnoll Chaos Knight began the quest for the
                  | Orb.
     0 | D:1      | Reached XP level 1. HP: 23/23 MP: 1/1
     0 | D:1      | magus.rc [v1.9.6]
    76 | D:1      | XOM: smoke on damage
   136 | D:1      | XOM: divination: detect creatures
   156 | D:1      | Reached XP level 2. HP: 29/29 MP: 2/2
   228 | D:1      | Found a faded altar of an unknown god.
   690 | D:1      | XOM: divination: detect items
   717 | D:1      | XOM: silly message
   741 | D:1      | Reached XP level 3. HP: 35/35 MP: 3/3
   741 | D:1      | Upgraded the game from 0.30-a0-51-g784eafce7f to
                  | 0.30-a0-54-g2e61a25929
   741 | D:1      | magus.rc [v1.9.6]
   945 | D:2      | XOM: give mutations
   945 | D:2      | Gained mutation: You occasionally shout uncontrollably at
                  | your foes. [Xom's mischief]
   945 | D:2      | Gained mutation: You are frail. (-10% HP) [Xom's mischief]
   945 | D:2      | Gained mutation: You occasionally lose the ability to drink
                  | potions when taking damage. [Xom's mischief]
   945 | D:2      | Lost mutation: You occasionally lose the ability to drink
                  | potions when taking damage. [Xom's mischief]
  1080 | D:2      | Reached skill level 1 in Invocations
  1336 | D:2      | You pick up a book of Conjurations {@e2} and begin
                  | reading...
  1336 | D:2      | You add the spells Magic Dart, Searing Ray and Fulminant
                  | Prism to your library.
  1617 | D:2      | XOM: give mutations
  1617 | D:2      | Gained mutation: Your spells are a little harder to cast,
                  | but a little more powerful. [Xom's grace]
  1617 | D:2      | Gained mutation: You expend magic power (3 MP) to
                  | strengthen your wands. [Xom's grace]
  1683 | D:2      | Found a burning altar of Makhleb.
  1938 | D:3      | Reached skill level 1 in Short Blades
  1938 | D:3      | Reached skill level 1 in Long Blades
  1938 | D:3      | Reached skill level 1 in Axes
  1938 | D:3      | Reached skill level 1 in Maces & Flails
  1938 | D:3      | Reached skill level 1 in Polearms
  1938 | D:3      | Reached skill level 1 in Staves
  1938 | D:3      | Reached skill level 1 in Ranged Weapons
  1938 | D:3      | Reached skill level 1 in Throwing
  1938 | D:3      | Reached skill level 1 in Stealth
  1938 | D:3      | Reached skill level 1 in Shields
  1938 | D:3      | Reached skill level 1 in Spellcasting
  1938 | D:3      | Reached skill level 1 in Evocations
  1974 | D:3      | Reached XP level 4. HP: 36/36 MP: 5/5
  2036 | D:3      | Found a glowing drain.
  2051 | Sewer    | Entered a sewer
  2085 | Sewer    | Reached skill level 1 in Conjurations
  2085 | Sewer    | Reached skill level 1 in Hexes
  2085 | Sewer    | Reached skill level 1 in Summonings
  2085 | Sewer    | Reached skill level 1 in Necromancy
  2085 | Sewer    | Reached skill level 1 in Translocations
  2085 | Sewer    | Reached skill level 1 in Transmutations
  2085 | Sewer    | Reached skill level 1 in Fire Magic
  2085 | Sewer    | Reached skill level 1 in Ice Magic
  2085 | Sewer    | Reached skill level 1 in Air Magic
  2085 | Sewer    | Reached skill level 1 in Earth Magic
  2085 | Sewer    | Reached skill level 1 in Poison Magic
  2293 | Sewer    | Noticed a bullfrog
  2293 | Sewer    | Noticed a bullfrog
  2303 | Sewer    | Killed a bullfrog
  2304 | Sewer    | Reached skill level 3 in Dodging
  2304 | Sewer    | Reached XP level 5. HP: 19/42 MP: 5/7
  2311 | Sewer    | HP: 10/42 [bullfrog (2)]
  2321 | Sewer    | Reached skill level 2 in Invocations
  2321 | Sewer    | Reached XP level 6. HP: 12/47 MP: 6/8
  2337 | Sewer    | You pick up a book of the Dragon and begin reading...
  2337 | Sewer    | You add the spells Cause Fear, Dragon Form and Dragon's
                  | Call to your library.
  2473 | Sewer    | Learned a level 1 spell: Magic Dart
  2588 | D:3      | You fall into a shaft and drop 3 floors!
  2621 | D:5      | Entered Level 5 of the Dungeon
  2625 | D:5      | Noticed a black bear
  2633 | D:6      | Reached skill level 2 in Short Blades
  2633 | D:6      | Reached skill level 2 in Long Blades
  2633 | D:6      | Reached skill level 2 in Axes
  2633 | D:6      | Reached skill level 2 in Maces & Flails
  2633 | D:6      | Reached skill level 2 in Polearms
  2633 | D:6      | Reached skill level 2 in Staves
  2633 | D:6      | Reached skill level 2 in Ranged Weapons
  2633 | D:6      | Reached skill level 2 in Throwing
  2633 | D:6      | Reached skill level 5 in Armour
  2633 | D:6      | Reached skill level 2 in Stealth
  2633 | D:6      | Reached skill level 2 in Shields
  2633 | D:6      | Reached skill level 2 in Spellcasting
  2633 | D:6      | Reached skill level 2 in Evocations
  2664 | D:6      | XOM: give mutations
  2664 | D:6      | Gained mutation: Your movements are slightly less
                  | encumbered by armour. (ER -2) [Xom's grace]
  2664 | D:6      | Gained mutation: Your mind is acute. (Int +4, Str/Dex -1)
                  | [Xom's grace]
  2664 | D:6      | Gained mutation: You are agile. (Dex +4, Str/Int -1) [Xom's
                  | grace]
  2664 | D:6      | Gained mutation: Your natural rate of healing is unusually
                  | fast. [Xom's grace]
  2668 | D:6      | Learned a level 2 spell: Searing Ray
  2674 | D:6      | XOM: enchant monster (good)
  2823 | D:6      | Found a burning altar of Makhleb.
  2824 | D:6      | Found a sacrificial altar of Ru.
  2843 | D:6      | Found a shimmering blue altar of Sif Muna.
  2867 | D:6      | XOM: summons friendly ufetubus
  2871 | D:6      | Killed a black bear
  2872 | D:6      | Reached skill level 7 in Fighting
  2872 | D:6      | Reached skill level 7 in Unarmed Combat
  2872 | D:6      | Reached XP level 7. HP: 48/54 MP: 10/10
  2914 | D:5      | XOM: polymorph scorpion -> jelly
  2916 | D:5      | XOM: summons 2 friendly demons
  2921 | D:5      | Reached skill level 2 in Conjurations
  2921 | D:5      | Reached skill level 2 in Hexes
  2921 | D:5      | Reached skill level 2 in Summonings
  2921 | D:5      | Reached skill level 2 in Necromancy
  2921 | D:5      | Reached skill level 2 in Translocations
  2921 | D:5      | Reached skill level 2 in Transmutations
  2921 | D:5      | Reached skill level 2 in Fire Magic
  2921 | D:5      | Reached skill level 2 in Ice Magic
  2921 | D:5      | Reached skill level 2 in Air Magic
  2921 | D:5      | Reached skill level 2 in Earth Magic
  2921 | D:5      | Reached skill level 2 in Poison Magic
  2923 | D:5      | XOM: silly message
  2975 | D:5      | Identified the +7 dagger "Bajaptep" {holy, Dex+7}
  3028 | D:5      | Noticed Grinder
  3029 | D:5      | Noticed Eustachio
  3035 | D:5      | Killed Grinder
  3035 | D:5      | XOM: summons friendly shadow imp
  3036 | D:5      | Reached skill level 3 in Invocations
  3054 | D:5      | Killed Eustachio
  3055 | D:5      | Reached skill level 3 in Short Blades
  3055 | D:5      | Reached skill level 3 in Long Blades
  3055 | D:5      | Reached skill level 3 in Axes
  3055 | D:5      | Reached skill level 3 in Maces & Flails
  3055 | D:5      | Reached skill level 3 in Polearms
  3055 | D:5      | Reached skill level 3 in Staves
  3055 | D:5      | Reached skill level 3 in Ranged Weapons
  3055 | D:5      | Reached skill level 3 in Throwing
  3055 | D:5      | Reached skill level 4 in Dodging
  3055 | D:5      | Reached skill level 3 in Stealth
  3055 | D:5      | Reached skill level 3 in Shields
  3055 | D:5      | Reached skill level 3 in Spellcasting
  3055 | D:5      | Reached skill level 3 in Evocations
  3055 | D:5      | Reached XP level 8. HP: 16/60 MP: 12/12
  3055 | D:5      | HP: 15/60 [poisoned by Eustachio]
  3060 | D:5      | HP: 14/60 [poisoned by Eustachio]
  3185 | D:5      | Found a runed translucent door.
  3186 | D:5      | Noticed Crazy Yiuf
  3481 | D:5      | XOM: silly message
  3591 | D:5      | XOM: give mutations
  3591 | D:5      | Lost mutation: You are agile. (Dex +4, Str/Int -1) [Xom's
                  | mischief]
  3591 | D:5      | Lost mutation: Your natural rate of healing is unusually
                  | fast. [Xom's mischief]
  3643 | D:5      | Killed Crazy Yiuf
  3868 | D:6      | Identified a scroll of acquirement
  3870 | D:6      | Acquired a ring of wizardry
  3878 | D:6      | Learned a level 4 spell: Fulminant Prism
  3882 | D:6      | Noticed Blork the orc
  3901 | D:6      | Killed Blork the orc
  3936 | D:6      | XOM: cast spell 'Olgreb's Toxic Radiance'
  4045 | D:6      | Reached skill level 3 in Conjurations
  4045 | D:6      | Reached skill level 3 in Hexes
  4045 | D:6      | Reached skill level 3 in Summonings
  4045 | D:6      | Reached skill level 3 in Necromancy
  4045 | D:6      | Reached skill level 3 in Translocations
  4045 | D:6      | Reached skill level 3 in Transmutations
  4045 | D:6      | Reached skill level 3 in Fire Magic
  4045 | D:6      | Reached skill level 3 in Ice Magic
  4045 | D:6      | Reached skill level 3 in Air Magic
  4045 | D:6      | Reached skill level 3 in Earth Magic
  4045 | D:6      | Reached skill level 3 in Poison Magic
  4045 | D:6      | Reached skill level 4 in Invocations
  4100 | D:6      | Found an ancient bone altar of Kikubaaqudgha.
  4149 | D:6      | Identified the +0 war axe "Metaw" {speed, +Blink Will+
                  | MP+9}
  4161 | D:6      | Lost mutation: You are frail. (-10% HP) [potion of
                  | mutation]
  4161 | D:6      | Lost mutation: Your spells are a little harder to cast, but
                  | a little more powerful. [potion of mutation]
  4161 | D:6      | Lost mutation: Your mind is acute. (Int +4, Str/Dex -1)
                  | [potion of mutation]
  4161 | D:6      | Gained mutation: Your magical capacity is low. (-10% MP)
                  | [potion of mutation]
  4161 | D:6      | Gained mutation: Your magical capacity is very low. (-20%
                  | MP) [potion of mutation]
  4161 | D:6      | Gained mutation: You are partially covered in iridescent
                  | scales. (AC +2) [potion of mutation]
  4161 | D:6      | XOM: butterfly on damage
  4161 | D:6      | HP: 14/67 [orc warrior/+0 glaive (10)]
  4163 | D:6      | HP: 2/67 [disintegration (6)]
  4165 | D:6      | Succumbed to an orc warrior's curare-tipped dart

Vanquished Creatures
  Grinder (D:5)
  Eustachio (D:5)
  2 water moccasins
  Blork the orc (D:6)
  3 bullfrogs
  A gnoll sergeant (D:6)
  A hound (D:6)
  Crazy Yiuf (D:5)
  2 iguanas
  An orc wizard (D:6)
  7 gnolls
  6 adders
  A shadow imp (D:6)
  A white imp (D:6)
  3 dart slugs
  11 orcs
  8 ball pythons
  7 bats
  8 endoplasms
  8 giant cockroaches
  5 hobgoblins
  8 quokkas
  7 frilled lizards
  2 goblins
  4 kobolds
  4 rats (D:1)
104 creatures vanquished.

Vanquished Creatures (collateral kills)
  A black bear (D:6)
  An ogre (D:5)
  A jelly (D:5)
3 creatures vanquished.

Grand Total: 107 creatures vanquished

Table legend:
 A = Non-vault XP
 B = Vault XP
 C = Vault XP percentage of total XP
 D = Non-vault monster count
 E = Vault monster count
 F = Vault count percentage of total count
                 A         B        C        D         E       F
            +---------+---------+-------+---------+---------+-------
      Total |    1052 |     966 |  47.9 |      70 |      37 |  34.6
            +---------+---------+-------+---------+---------+-------
        D:1 |      39 |       0 |   0.0 |      21 |       0 |   0.0
        D:2 |      11 |       9 |  45.0 |       7 |       6 |  46.2
        D:3 |      25 |       8 |  24.2 |       9 |       4 |  30.8
        D:5 |     417 |     519 |  55.4 |      14 |       3 |  17.6
        D:6 |     560 |     191 |  25.4 |      19 |       3 |  13.6
      Sewer |       0 |     239 | 100.0 |       0 |      21 | 100.0
            +---------+---------+-------+---------+---------+-------

Illustrated notes

Table legend:
 A = Kills in this place as a percentage of kills in entire the game.
 B = Kills by you in this place as a percentage of kills by you in the entire game.
 C = Kills by friends in this place as a percentage of kills by friends in the entire game.
 D = Other kills in this place as a percentage of other kills in the entire game.
 E = Experience gained in this place as a percentage of experience gained in the entire game.
 F = Experience gained in this place divided by the number of levels of this place that you have seen.
                   A       B       C       D       E      F
               +-------+-------+-------+-------+-------+----------------------
         Total | 100.0 | 100.0 | 100.0 |   N/A | 100.0 | 336.3
       Dungeon |  80.4 |  79.8 | 100.0 |   N/A |  88.2 | 355.8
         Sewer |  19.6 |  20.2 |   0.0 |   N/A |  11.8 | 239.0
               +-------+-------+-------+-------+-------+----------------------

Table legend: (Time is in decaauts)
 A = Elapsed time spent in this place.
 B = Non-inter-level travel time spent in this place.
 C = Inter-level travel time spent in this place.
 D = Time resting spent in this place.
 E = Time spent auto-exploring this place.
 F = Levels seen in this place.
 G = Mean time per level.
                   A        B        C        D        E       F      G
               +--------+--------+--------+--------+--------+-----+--------+
         Total |   4180 |   4110 |     70 |     57 |   3197 |   6 |  696.7 |
       Dungeon |   3709 |   3639 |     70 |     57 |   2943 |   5 |  741.8 |
         Sewer |    471 |    471 |      0 |      0 |    254 |   1 |  471.0 |
               +--------+--------+--------+--------+--------+-----+--------+

Top non-repeatable levels by time:
     D:1: 933 daAuts
     D:2: 853 daAuts
     D:5: 803 daAuts
     D:6: 751 daAuts
   Sewer: 471 daAuts
     D:3: 367 daAuts
